Map: Dusk Towers

Players

LilDicky - Winner!

  • Race: Terran Terran
  • League: Diamond

Dreamatose

  • Race: Protoss Protoss
  • League: Diamond

VOD

http://www.twitch.tv/tumescentpie

Description

Time

  • Played on: Dec. 26, 2015, 9:35 p.m.
  • Length: 13:40
Show
View Real Time Build Order
Export as new Build Order

LilDicky Terran - Winner!

Build Orders: MMM Bio 

Get SALT Encoding   

  12  0:01  SCV  
  13  0:13  SCV  
  14  0:17  Supply Depot  
  14  0:25  SCV  
  15  0:35  Refinery  
  15  0:39  SCV  
  16  0:45  Barracks  
  16  0:51  SCV  
  17  1:04  SCV  
  18  1:16  SCV  
  19  1:28  SCV  
  20  1:33  Marine  
  20  1:35  Supply Depot  
  21  1:41  Orbital Command  
  21  1:45  Factory  
  21  1:59  Marine  
  22  2:03  Barracks  
  22  2:07  Barracks  
  22  2:09  SCV  
  22  2:14  Refinery  
  23  2:21  SCV, Barracks Reactor  
  24  2:29  Supply Depot  
  24  2:34  SCV  
  25  2:46  SCV, Widow Mine  
  28  2:58  SCV  
  29  3:01  Barracks Tech Lab x2  
  29  3:08  Marine x2  
  29  3:10  SCV, Starport  
  32  3:18  Supply Depot  
  34  3:22  SCV  
  34  3:24  Marauder  
  35  3:29  Stimpack  
  33  3:34  Marine x2  
  33  3:35  Combat Shields  
  35  3:46  Marine  
  35  3:47  Marine  
  35  3:48  Starport Tech Lab  
  36  3:50  SCV  
  36  3:52  Marine x2  
  39  4:00  Supply Depot  
  39  4:04  Marine  
  39  4:07  SCV  
  39  4:08  Banshee  
  46  4:17  Marauder, Marine  
  46  4:21  Marine  
  48  4:25  Supply Depot  
  48  4:30  Cloaking Field  
  48  4:32  Marine  
  48  4:35  Marine  
  50  4:45  Marine x2  
  50  4:50  Marine  
  50  4:52  Marine, Medivac  
  55  4:55  Concussive Shells  
  55  4:57  SCV  
  57  5:03  Marine  
  58  5:10  SCV  
  49  5:40  Marine x2  
  49  5:41  Marine x2  
  53  5:46  Engineering Bay  
  53  5:58  Marine x2  
  55  6:16  Marine  
  55  6:17  Marine x3  
  59  6:25  SCV  
  60  6:26  Command Center  
  60  6:34  Marine x2  
  60  6:35  Marine x2  
  60  6:37  SCV  
  63  6:49  SCV  
  60  7:01  SCV  
  57  7:12  Marine x3  
  57  7:13  Marine  
  48  7:30  Marine x4  
  48  7:32  Viking  
  48  7:33  SCV  
  48  7:35  Missile Turret  
  55  7:37  Missile Turret  
  55  7:43  SCV  
  56  7:44  Bunker  
  56  7:45  SCV, Bunker  
  56  7:48  Marine x4  
  61  7:55  SCV  
  61  7:58  SCV  
  61  8:06  Marine x2  
  61  8:10  SCV  
  63  8:14  Medivac  
  66  8:22  SCV  
  66  8:26  Orbital Command  
  66  8:30  Missile Turret  
  66  8:31  Missile Turret  
  66  8:32  Barracks  
  66  8:33  Marine  
  66  8:34  SCV, Marine  
  70  8:36  Barracks, Marauder  
  70  8:37  Barracks, Marauder  
  73  9:03  SCV x2  
  73  9:06  Marine x2  
  73  9:07  Supply Depot, Marauder x2  
  73  9:09  Supply Depot  
  81  9:24  SCV x2, Marine  
  83  9:25  Starport Reactor  
  83  9:29  Marauder x2  
  88  9:32  Reaper  
  89  9:42  Marine  
  89  9:44  Command Center, Marine  
  93  9:50  SCV, Marauder, Marine  
  93  9:51  Factory  
  97  9:56  Barracks Tech Lab x2  
  95  10:00  Marauder  
  95  10:02  Liberator, Marine  
  95  10:03  Medivac  
  100  10:08  Marauder  
  102  10:16  Supply Depot  
  102  10:19  Supply Depot  
  102  10:20  SCV x2, Marauder  
  109  10:23  Marine  
  109  10:24  Supply Depot  
  110  10:34  Factory Reactor  
  110  10:38  Medivac  
  112  10:46  Marine x3  
  112  10:47  Marauder x2  
  112  10:48  Marauder  
  120  10:55  SCV  
  120  10:56  Marine  
  122  10:59  SCV  
  122  11:02  Medivac  
  125  11:07  Liberator  
  125  11:09  Orbital Command  
  125  11:11  Supply Depot  
  125  11:16  Marine x2  
  125  11:17  Refinery, Marauder x2  
  131  11:20  Widow Mine  
  131  11:21  Widow Mine  
  138  11:26  Liberator  
  138  11:42  Marauder x2, Marine x2  
  138  11:43  Marauder x3  
  153  11:49  Widow Mine x2  
  153  11:54  Refinery x2  
  157  11:56  Supply Depot  
  157  12:06  Supply Depot  
  157  12:07  Supply Depot, Marine x2  
  159  12:10  Supply Depot  
  159  12:11  Liberator  
  159  12:12  Liberator  
  159  12:17  Widow Mine  
  159  12:18  Widow Mine  
  169  12:34  SCV x2  
  169  12:35  SCV  
  172  12:40  Marine x2  
  174  12:46  SCV  
Show
View Real Time Build Order
Export as new Build Order

Dreamatose Protoss 

Build Orders:  

Get SALT Encoding   

  12  0:01  Probe (Chrono Boost)  
  13  0:12  Probe (Chrono Boost)  
  14  0:19  Pylon  
  14  0:22  Probe (Chrono Boost)  
  15  0:28  Assimilator  
  15  0:42  Gateway  
  15  0:44  Probe (Chrono Boost)  
  16  0:53  Assimilator  
  16  0:56  Probe (Chrono Boost)  
  17  1:06  Probe (Chrono Boost)  
  18  1:18  Gateway  
  18  1:23  Probe (Chrono Boost)  
  19  1:32  Cybernetics Core  
  19  1:34  Probe (Chrono Boost)  
  20  1:44  Pylon  
  20  2:02  Probe (Chrono Boost)  
  20  2:07  Pylon  
  21  2:09  Adept  
  21  2:10  Adept  
  25  2:24  Stargate  
  25  2:26  Probe (Chrono Boost)  
  25  2:29  Warp Gate  
  26  2:36  Probe (Chrono Boost)  
  27  2:48  Robotics Facility  
  27  3:01  Mothership Core (Chrono Boost)  
  29  3:28  Void Ray (Chrono Boost)  
  29  3:31  Probe  
  34  3:43  Probe  
  34  3:46  Stalker x2  
  39  3:52  Gateway  
  39  3:53  Pylon  
  39  4:05  Pylon  
  39  4:08  Pylon  
  39  4:28  Void Ray (Chrono Boost)  
  39  4:31  Observer  
  44  4:47  Stalker x3  
  50  5:05  Pylon  
  40  5:42  Stalker x3  
  45  5:54  Pylon  
  41  6:07  Gateway  
  41  6:12  Stalker x2, Pylon  
  41  6:13  Stalker  
  47  6:38  Stalker x2  
  47  6:39  Stalker  
  43  7:08  Stalker x3  
  49  7:25  Warp Prism (Chrono Boost)  
  51  7:38  Stalker  
  51  7:39  Stalker x3  
  51  7:41  Mothership Core  
  62  7:58  Observer (Chrono Boost)  
  62  8:23  Nexus  
  62  8:49  Probe  
  62  8:50  Robotics Bay  
  61  9:03  Pylon  
  61  9:06  Twilight Council  
  61  9:07  Probe  
  62  9:19  Probe  
  62  9:21  Observer (Chrono Boost)  
  64  9:27  Zealot x3  
  70  9:39  Forge  
  70  9:43  Pylon  
  70  9:48  Probe x2  
  72  9:55  Charge (Chrono Boost)  
  72  9:59  Probe  
  72  10:00  Probe  
  74  10:10  Probe  
  75  10:17  Protoss Ground Weapons Level 1 (Chrono Boost)  
  75  10:39  Probe x2, Nexus  
  77  10:46  Assimilator  
  76  10:50  Assimilator  
  76  10:52  Probe  
  83  11:07  Probe x2  
  85  11:18  Templar Archives, Pylon  
  79  11:19  Probe x2  
  79  11:23  Zealot x3  
  87  11:31  Probe  
  87  11:32  Photon Cannon  
  88  11:38  Probe  
  89  11:40  Observer  
  89  11:43  Probe  
  90  11:48  Zealot x2  
  90  11:49  Zealot  
  90  11:54  Probe  
  97  11:55  Probe  
  97  11:56  Probe  
  99  12:06  Probe  
  100  12:17  Pylon  
  100  12:18  Observer, Pylon  
  100  12:19  Pylon  
  100  12:20  Psionic Storm  
  101  12:31  Zealot x3  
  101  12:35  Zealot  
  109  12:48  Pylon  
  109  13:01  Zealot x3  
  109  13:02  Zealot  
Tags
 
Add a new tag
Caveats
  • Supply blocks, unpowered buildings, or Contaminate may cause inaccurate times.
  • Supply counts are checked every 10 seconds.